Beyonce, lawful female dwarven Valkyrie ------- ---------- |...V.| |......... |.-.|@-------.|*..--- |...|.M.......|.....|.| ---.---...---------.|.-- |...%.... |..... |.+.....- |.|.----------- |...... |.|.|...*..*.*| -.---* |.--|.........| . |...-....<%...| ----|....%%...| |.........| ----------- Beyonce the Fighter Experience level: 7 Strength: 18/01 Dexterity: 13 Constitution: 20 Intelligence: 9 Wisdom: 8 Charisma: 7 Health: 0(78) Energy: 6(6) Def: 13 Gold: 643 Moves: 4428 Dungeon seed: ikYP89NVlMf7yp7W Game ID: Beyonce_1484122067 Your Inventory: Coins $ - 643 gold pieces Weapons a - the blessed rustproof +1 Excalibur (weapon in hand) b - a +0 dagger (alternate weapon; not wielded) g - a +0 orcish dagger Armor e - an uncursed +3 small shield (being worn) n - an uncursed +1 elven cloak (being worn) r - an uncursed +0 splint mail (being worn) y - an uncursed +0 orcish helm (being worn) Comestibles i - an uncursed sprig of wolfsbane x - 4 uncursed food rations C - an uncursed tripe ration G - an uncursed tin of iguana meat Scrolls h - 3 uncursed scrolls of identify j - an uncursed scroll of gold detection m - an uncursed scroll of destroy armor p - an uncursed scroll of genocide v - an uncursed scroll of confuse monster A - a blessed scroll of identify E - an uncursed scroll of remove curse M - a cursed scroll of identify Potions s - a cursed potion of gain ability u - an uncursed potion of confusion B - an uncursed potion of invisibility L - an uncursed potion of levitation O - an uncursed potion of gain ability Rings t - an uncursed ring of shock resistance (on left hand) Wands P - a wand of speed monster (0:6) Tools d - an uncursed oil lamp (lit) (0:378) q - an uncursed bugle w - an uncursed mirror z - an uncursed skeleton key F - an uncursed magic whistle I - an uncursed mirror K - an uncursed oil lamp (0:1121) Spells and supernatural/magical abilities: Name Level Category Fail Memory W - pray for help -- divine ? -- Your skills at the end: Fighting Skills Weapon Skills dagger [Basic] long sword [Basic] Spellcasting Skills Final Attributes: You were piously aligned. You were cold resistant. You were shock resistant. You were level-drain resistant. You had automatic searching. You had infravision. You were stealthy. You were fast. You are dead. Vanquished creatures: The Oracle a giant mimic an ettin mummy an ettin zombie 3 giant spiders 3 chickatrices a gnome mummy a human zombie a water nymph a mountain nymph a pony a fog cloud a kobold mummy a kitten a kobold shaman a rothe a giant bat 5 monkeys an orc zombie a dwarf zombie a wererat 2 werejackals 2 iguanas a gas spore 2 hobbits a hobgoblin a giant rat a cave spider 2 green molds a red mold 5 gnomes 5 garter snakes a gnome zombie 5 geckos 9 jackals 2 foxes 2 kobolds 4 goblins a sewer rat 6 grid bugs 5 lichens 7 newts 94 creatures vanquished. Voluntary challenges: You had followed a strict vegan diet until turn 2928. You had followed a strict vegetarian diet until turn 2928. You used a wielded weapon 119 times, starting on turn 478. You read items or engraved 2 times, starting on turn 4427. You never genocided any monsters. You never polymorphed an object. You never changed form. You used no wishes. You never split a pudding. You never wrote Elbereth's name. You never violated your personal moral code. Dungeon overview: The Dungeons of Doom: levels 1 to 6 Level 1 some fountains, a sink a long staircase Level 2 Level 3 a general store stairs to The Gnomish Mines Level 4 a sink Level 5 Level 6 The Gnomish Mines: levels 4 to 11 Level 4 stairs to The Dungeons of Doom Level 5 Level 6 Level 7 many shops, a temple to Loki, some fountains Level 8 Level 9 Level 10 Level 11 <- You were here History has recorded: On T:1 you entered the Dungeons of Doom to retrieve the Amulet of Yendor! On T:546 you reached level 2 of The Dungeons of Doom. On T:671 you advanced to experience level 2. On T:848 you reached level 3 of The Dungeons of Doom. On T:984 you reached level 4 of The Dungeons of Doom. On T:1140 you advanced to experience level 3. On T:1212 you advanced to experience level 4. On T:1741 you reached level 5 of The Dungeons of Doom. On T:1807 you advanced to experience level 5. On T:2189 you reached level 6 of The Dungeons of Doom. On T:3072 you reached level 1 of The Gnomish Mines. On T:3252 you reached level 2 of The Gnomish Mines. On T:3305 you reached level 3 of The Gnomish Mines. On T:3426 you reached level 4 of The Gnomish Mines. On T:3527 you advanced to experience level 6. On T:3868 you reached level 5 of The Gnomish Mines. On T:3940 you reached level 6 of The Gnomish Mines. On T:4007 you advanced to experience level 7. On T:4151 you reached level 7 of The Gnomish Mines. On T:4333 you reached level 8 of The Gnomish Mines. Score breakdown: Gold: 643 ( 9554 points) Experience: 7 levels (13645 points) Exploration: 11 levels ( 23.91%) (14142 points) Discoveries: 6 items ( 2.45%) ( 4694 points) Valuables value: (no points given unless you survive) Artifact value: 4000 (12253 points) Variety of kills: 42 monsters ( 11.02%) ( 9960 points) Turncount: 4428 turns (-1175 points) Survival: died (score multiplied by 80%) Total score: 50458 Latest messages: The vampire lord bites! You hit the vampire! The vampire lord hits! The vampire lord bites! You begin praying to Tyr. You are surrounded by a shimmering light. The vampire starts to attack you, but pulls back. The vampire lord starts to attack you, but pulls back. The vampire starts to attack you, but pulls back. The vampire lord starts to attack you, but pulls back. The vampire starts to attack you, but pulls back. The vampire lord starts to attack you, but pulls back. You feel that Tyr is well-pleased. The kobold mummy is suddenly moving faster. You write in the dust with your fingers. The vampire lord hits! The vampire lord bites! The kobold mummy hits! You add to the writing in the dust with your fingers. The vampire lord hits! You die... Final status: Farvel Beyonce the Valkyrie, killed by a vampire lord... You died in The Gnomish Mines on dungeon level 11 with 50458 points, and 643 pieces of gold, after 4428 moves. You were level 7 with a maximum of 78 hit points when you died.